AoeStats
← PILLOSAURIO

Arena

510548832Analyzed
2v2 RM · 1d ago on Oct 1, 2026· 35m 59s· 4 players
Game mode
Random Map
Map size
Medium (4 player)
Population
200
Speed
Normal
Resources
Standard
Victory
Conquest
Starting age
Dark Age
Ending age
Imperial Age
RankedLock teamsTeams togetherTeam positionsShared explorationLock speedFull tech treeHidden civsTurbo modeCheats
Victory
Defeat
🇪🇸 Burgundians · Spain
1194
+16
🇺🇸 Celts · United States
1187
+16
🇻🇳 Aztecs · Vietnam
1215
-17
🇻🇳 Vikings · Vietnam
1175
-15
SkyBlue$
11:50 Feudal Age
15:30 Castle Age
13:58 Double-Bit Axe
14:21 Horse Collar
16:38 Bow Saw
21:06 Heavy Plow
24:01 Gold Mining
28:35 Imperial Age
27:18 Fortified Wall
26:45 Man-at-Arms
27:25 Squires
27:11 Arson
27:26 Long Swordsman
28:20 Forging
28:10 Scale Mail Armor
28:39 Two-Handed Swordsman
29:58 Gold Shaft Mining
30:12 Chain Mail Armor
30:33 Iron Casting
29:52 Champion
32:21 Crop Rotation
32:54 Capped Ram
35:13 Plate Mail Armor
35:44 Blast Furnace
34:37 Siege Ram
wang_03
10:56 Feudal Age
12:09 Double-Bit Axe
14:57 Castle Age
12:48 Horse Collar
14:36 Gold Mining
15:06 Loom
19:09 Sanctity
22:16 Atonement
22:27 Redemption
22:55 Wheelbarrow
24:08 Fervor
27:53 Imperial Age
PILLOSAURIO
4:38 Double-Bit Axe
11:13 Feudal Age
14:54 Castle Age
13:19 Horse Collar
14:36 Bow Saw
14:47 Heavy Plow
17:58 Loom
19:15 Two-Man Saw
19:13 Fervor
22:12 Devotion
22:33 Light Cavalry
23:24 Scale Barding Armor
23:22 Husbandry
24:04 Forging
24:47 Atonement
25:16 Town Watch
26:11 Wheelbarrow
26:59 Iron Casting
27:58 Hand Cart
28:48 Gold Mining
32:07 Imperial Age
31:03 Chain Barding Armor
32:18 Gold Shaft Mining
32:15 Crop Rotation
32:24 Cavalier
34:34 Plate Barding Armor
35:14 Blast Furnace
34:20 Stone Mining
34:15 Treadmill Crane
34:13 Paladin
ppjohnn
11:12 Feudal Age
13:28 Double-Bit Axe
16:28 Castle Age
16:02 Horse Collar
17:43 Bow Saw
17:51 Heavy Plow
24:34 Stone Mining
25:38 Scale Mail Armor
25:48 Forging
25:42 Gold Mining
27:22 Chain Mail Armor
27:56 Herbal Medicine
28:48 Wheelbarrow
27:59 Loom
28:00 Town Watch
29:25 Stone Shaft Mining
30:36 Iron Casting
31:01 Gold Shaft Mining
33:21 Imperial Age
34:41 Plate Mail Armor
33:37 Elite Woad Raider
34:40 Conscription
Connection lost

Rejoining the realm…

Still unreachable

The connection could not be restored.

Session expired

The server has moved on; the page needs a fresh start.